 Dungeon Crawl Stone Soup version 0.22-a0-603-gfc1114d (webtiles) character file.

27 Amnesiac the Magician (level 2, 0/15 HPs)
             Began as a Deep Elf Wizard on July 8, 2018.
             Succumbed to an adder's poison
             ... on level 2 of the Dungeon.
             The game lasted 00:01:06 (415 turns).

Amnesiac the Magician (Deep Elf Wizard)              Turns: 415, Time: 00:01:06

Health: 0/15       AC:  3    Str:  4    XL:     2   Next: 93%
Magic:  0/9        EV: 13    Int: 22    God:
Gold:   34         SH:  0    Dex: 13    Spells: 5/10 levels left

rFire    . . .     SeeInvis .   b - +0 dagger (venom)
rCold    . . .     Gourm    .   (no shield)
rNeg     . . .     Faith    .   a - +0 robe
rPois    .         Spirit   .   (no helmet)
rElec    .         Reflect  .   (no cloak)
rCorr    .         Harm     .   g - +0 pair of gloves
MR       .....                  (no boots)
Stlth    ++........             (no amulet)
HPRegen  0.05/turn              (no ring)
MPRegen  0.11/turn              (no ring)

@: lethally poisoned (0 -> -8), very slightly contaminated
A: no striking features
a: no special abilities


You were on level 2 of the Dungeon.
You were not hungry.

You visited 1 branch of the dungeon, and saw 2 of its levels.

You collected 34 gold pieces.

Inventory:

Hand Weapons
 b - a +0 dagger of venom (weapon)
Armour
 a - a +0 robe (worn)
 g - a +0 pair of gloves (worn)
Scrolls
 c - 3 scrolls of identify {!r, unknown}
Potions
 e - a potion of cancellation {!q, unknown}
Comestibles
 d - 2 rations
 f - a chunk of flesh


   Skills:
 - Level 2.4 Dodging
 - Level 2.4 Stealth
 - Level 4.5 Spellcasting
 * Level 3.2 Conjurations
 - Level 1.1 Summonings
 - Level 1.1 Translocations


You had 5 spell levels left.
You knew the following spells:

 Your Spells              Type           Power        Failure   Level  Hunger
a - Magic Dart            Conj           ###.         3%          1    None
b - Call Imp              Summ           #.......     11%         2    #......
v - Blink                 Tloc           N/A          11%         2    #......

Your spell library contained the following spells:

 Spells                   Type           Power        Failure   Level  Hunger
 Conjure Flame            Conj/Fire      ##......     17%         3    ##.....
 Slow                     Hex            #.......     16%         2    #......
 Mephitic Cloud           Conj/Pois/Air  #.......     21%         3    ##.....


Dungeon Overview and Level Annotations

Branches:
Dungeon (2/15)

Altars:


Message History

Confirm with . or Enter, or press ? or * to list all spells.
You don't have enough magic to cast that spell.
You barely miss the goblin. The goblin misses you.
You closely miss the goblin. The goblin barely misses you.
You hit the goblin.
The goblin is poisoned.
The goblin is heavily wounded.
The goblin dies!
The gnoll barely misses your crimson imp.
The gnoll hits your crimson imp with a halberd!
The gnoll misses your crimson imp.
Your crimson imp blinks!
What are your orders? t - Shout!
Orders for allies: a - Attack new target. p - Attack previous target. r - Retreat! s - Stop attacking. g - Guard the area. f - Follow me.
Anything else - Cancel.
Gang up on whom?
Press: ? - help, Dir - move target cursor, f/p - gnoll
Aim: a gnoll, wielding a halberd (severely wounded) Attack!
The gnoll hits your crimson imp from afar with a halberd.
The gnoll hits your crimson imp with a halberd.
Your crimson imp dies!
Casting: Call Imp (safe; 11% risk of failure)
Confirm with . or Enter, or press ? or * to list all spells.
Aiming: Magic Dart (safe; 3% risk of failure)
Press: ? - help, Shift-Dir - straight line, f/p - gnoll
Aim: a gnoll, wielding a halberd (heavily wounded, hasn't noticed you)
The magic dart hits the gnoll.
The gnoll is severely wounded.
Casting: Magic Dart (safe; 3% risk of failure)
Confirm with . or Enter, or press ? or * to list all spells.
Aiming: Magic Dart (safe; 3% risk of failure)
Press: ? - help, Shift-Dir - straight line, f/p - gnoll
Aim: a gnoll, wielding a halberd (severely wounded)
The magic dart hits the gnoll.
The gnoll is severely wounded.
Unknown command.
Casting: Magic Dart (safe; 3% risk of failure)
Confirm with . or Enter, or press ? or * to list all spells.
You don't have enough magic to cast that spell.
The adder hisses angrily.
Casting: Magic Dart (safe; 3% risk of failure)
Confirm with . or Enter, or press ? or * to list all spells.
You don't have enough magic to cast that spell.
Casting: Magic Dart (safe; 3% risk of failure)
Confirm with . or Enter, or press ? or * to list all spells.
You miscast Call Imp.
You are very lightly contaminated with residual magic.
Nothing appears to happen.
An adder comes into view.
The adder bites you.
* * * LOW HITPOINT WARNING * * *
The adder hisses angrily.
You hit the adder.
The adder is poisoned.
The adder is lightly wounded.
The adder bites you.
* * * LOW HITPOINT WARNING * * *
The adder bites you.
* * * LOW HITPOINT WARNING * * *
You are lethally poisoned!
The adder poisons you!
You die...

# ### #### ## .. #####gg.
...##.## #.....## .
....)# ####.######
...###..#######....# ##
#.....S.gg.....#..# #.
>.#S#..#######....# #.
....$...@..........#####.
.)##.##.######........)..
.. #.# ###.######## ...
#.# #.# .. ..# #.# . ###
#.# ..# ###


You could see 2 adders.

Vanquished Creatures
  A leopard gecko (D:1)
  3 bats (D:1)
  2 goblins (D:1)
  2 hobgoblins (D:1)
  A frilled lizard (D:2)
  3 kobolds
  3 rats
15 creatures vanquished.

Vanquished Creatures (collateral kills)
  A gnoll (D:2)
  A leopard gecko (D:2)
  A goblin (D:2)
3 creatures vanquished.

Grand Total: 18 creatures vanquished

Notes
Turn   | Place    | Note
-------+----------+-------------------------------------------
     0 | D:1      | Amnesiac the Deep Elf Wizard began the quest for the Orb.
     0 | D:1      | Reached XP level 1. HP: 10/10 MP: 7/7
   135 | D:1      | Reached XP level 2. HP: 15/15 MP: 2/9
   202 | D:1      | Learned a level 2 spell: Blink
   205 | D:1      | Learned a level 2 spell: Call Imp
   415 | D:2      | Succumbed to an adder's poison

Vault maps used:
D:1:      minmay_arrival_doors

Skill      XL: |  1  2 |
---------------+-------+-----
Conjurations   | 2 3 |  3.2
Dodging        | |  2.4
Stealth        | |  2.4
Spellcasting   | |  4.5
Summonings     | |  1.1
Translocations | |  1.1

Action                   || total
-------------------------++-------
Melee: Unarmed           ||    14
       Dagger            ||     4
 Cast: Magic Dart        ||    32
       Call Imp          ||     2
Armor: Robe              ||     1
Dodge: Dodged            ||    21

Table legend:
 A = Spawn XP
 B = Non-spawn XP
 C = Spawn XP percentage of total XP
 D = Spawn monster count
 E = Non-spawn monster count
 F = Spawn count percentage of total count
 G = Total turns spent on level
                    A         B        C        D         E        F      G
               +---------+---------+-------+---------+---------+-------+---------
         Total |       0 |      39 |   0.0 |       0 |      18 |   0.0 |   415
               +---------+---------+-------+---------+---------+-------+---------
           D:1 |       0 |      20 |   0.0 |       0 |      12 |   0.0 |   319
           D:2 |       0 |      19 |   0.0 |       0 |       6 |   0.0 |    96
               +---------+---------+-------+---------+---------+-------+---------
